 Dungeon Crawl Stone Soup version 0.29-a0-284-gf9362112df (webtiles) character file.

Game seed: 1635153173419462760

70 spaghetti the Changer (level 4, 0/48 HPs)
             Began as a Demonspawn Transmuter on Mar 22, 2022.
             Slain by an adder (1 damage)
             ... on level 5 of the Dungeon on Mar 23, 2022.
             The game lasted 00:04:36 (2093 turns).

spaghetti the Changer (Demonspawn Transmuter)       Turns: 2093, Time: 00:04:37

Health: 0/48       AC: 22    Str: 11    XL:     4   Next: 3%
Magic:  3/7        EV:  2    Int: 16    God:
Gold:   80         SH:  0    Dex: 13    Spells: 2/8 levels left

rFire   . . .      SeeInvis .   a - +0 quarterstaff {staff}
rCold   . . .      Faith    .   (shield currently unavailable)
rNeg    . . .      Spirit   .   (body armour currently unavailable)
rPois   +          Reflect  .   (helmet currently unavailable)
rElec   .          Harm     .   (cloak currently unavailable)
rCorr   .          Rampage  .   (gloves currently unavailable)
Will    .....      NoTele   +   (boots currently unavailable)
Stlth   +.........              (no amulet)
HPRegen 0.16/turn               (no ring)
MPRegen 0.10/turn               (no ring)

@: tree-form
A: stationary, stasis, torment immunity, boosted hp, (sanguine armour 2),
(talons 1), subdued magic 1
a: no special abilities


You were on level 5 of the Dungeon.
You were a tree.
You visited 1 branch of the dungeon, and saw 4 of its levels.

You collected 108 gold pieces.
You spent 28 gold pieces at shops.


Innate Abilities, Weirdness & Mutations

You are a tree.
Your roots penetrate the ground, keeping you stationary.
You cannot be teleported.
You are immune to unholy pain and torment.
Your maximum health is greatly increased.
Your equipment is partially melded.
((When seriously injured, your blood forms thick armour. (AC +0)))
((You have sharp toenails.))
Your spells are a little easier to cast, but a little less powerful.


   Skills:
 - Level 1.0 Fighting
 - Level 1.7 Dodging
 - Level 2.6 Unarmed Combat
 + Level 2.6 Spellcasting
 + Level 3.2 Transmutations
 + Level 1.1 Poison Magic


You had 2 spell levels left.
You knew the following spells:

 Your Spells              Type           Power      Damage    Failure   Level
a - Beastly Appendage     Tmut           18%        N/A       3%          1
b - Wereblood             Tmut           9%         N/A       6%          2
c - Spider Form           Tmut/Pois      7%         N/A       21%         3

Your spell library contained the following spells:

 Spells                   Type           Power      Damage    Failure   Level
 Call Canine Familiar     Summ           1%         N/A       47%         3
 Gell's Gravitas          Tloc           1%         N/A       47%         3
 Lesser Beckoning         Tloc           1%         N/A       47%         3
 Portal Projectile        Hex/Tloc       2%         N/A       47%         3
 Teleport Other           Tloc           1%         N/A       47%         3
 Ice Form                 Ice/Tmut       5%         N/A       65%         4
 Leda's Liquefaction      Hex/Erth       0%         N/A       87%         4

Inventory:

Hand Weapons
 a - a +0 quarterstaff (weapon) {staff}
   (You found it on level 2 of the Dungeon)
 b - a +0 hunting sling {sling}
   (You found it on level 2 of the Dungeon)
 c - a +0 club {mace}
   (You took it off a goblin on level 1 of the Dungeon)
 h - a +0 dagger {short}
   (You took it off a kobold on level 1 of the Dungeon)
 i - a +0 dagger {short}
   (You took it off a kobold on level 1 of the Dungeon)
 j - a +0 short sword {short}
   (You took it off a kobold on level 2 of the Dungeon)
Missiles
 d - 31 stones {throwing}
Armour
 e - a +0 robe (melded)

Dungeon Overview and Level Annotations

Branches:
Dungeon (5/15)
 Temple: D:4-7

Altars:

Shops:
D:1 [[[?

.> ..K# #.# ... #.# .K#
#.# .. #.# ##### #.##
#.# #.).# #$.#
#.#####.####...######g##
......SggKg.).).........
#.####♣####...#...)....
#.# #####........ #.#
#........ ..# #........
#### #######.. #.. ##.
#. #.


You could see 3 gnolls, an adder and a kobold.


Message History

The gnoll shaman misses you. The gnoll misses you. x2 😕 MP[+1]
You hit the gnoll shaman. The gnoll barely misses you.
The gnoll hits you from afar with a +0 spear.
The gnoll shaman barely misses you. 😕 HP[-4]
You take 4 damage, and now have 21/26 hp.
You hit the gnoll shaman.
The gnoll shaman looks as sick as possible!
You hiss as the wereblood boils in your veins!
The gnoll hits you from afar with a +0 spear!
* * * LOW HITPOINT WARNING * * *
The gnoll misses you. The gnoll shaman completely misses you.
The gnoll misses you. The kobold barely misses you.
The gnoll misses you. 😨 HP[-9]
You take 9 damage, and now have 12/26 hp.
MASSIVE DAMAGE!! (PAUSE)
You flicker for a moment.
Things that are here:
a +0 club {mace}; a +0 leather armour; an orc corpse You hiss as the wereblood boils in your veins!
The gnoll closely misses you.
Your transformation has ended.
Your +0 hunting sling {sling} unmelds from your body.
Your +0 robe unmelds from your body.
Your blood congeals into armour.
The gnoll shaman barely misses you.
Really attack while wielding your +0 hunting sling {sling}? [Y]es or [N]o only, please.
Really attack while wielding your +0 hunting sling {sling}?
Okay, then.
a - a +0 quarterstaff (weapon)
{staff} Your primal bloodlust is almost over.
You hit the gnoll shaman.
You feel a bit better.
You kill the gnoll shaman!
The kobold misses you. The gnoll hits you with a +0 spear.
The kobold hits you but does no damage.
Your Poison Magic skill increases to level 1!
You have reached level 4!
You feel stronger. 😮 HP[+6]
You now have 32 max hp (+6).
You regained 6 hp, and now have 18/32 hp.
You flicker back into view.
The gnoll hits you from afar with a +0 spear.
* * * LOW HITPOINT WARNING * * *
The kobold throws a poisoned dart.
The poisoned dart hits you!
You are poisoned.
The gnoll hits you from afar with a +0 spear.
* * * LOW HITPOINT WARNING * * *
😨 HP[-6]
You take 6 damage, and now have 12/32 hp.
Really quaff
l - a potion of lignification {!q}?
Okay, then.
You aren't carrying any scrolls.
Unknown command.
You aren't carrying any items that you can evoke.
Unknown command.
Okay, then.
You aren't carrying any scrolls.
Unknown command.
You howl as the wereblood boils in your veins!
You feel sick. 😨 HP[-2]
You take 2 damage, and now have 10/32 hp.
An adder comes into view.
Found a stone staircase leading down.
You feel sick. The gnoll barely misses you. 😨 HP[-1]
You take 1 damage, and now have 9/32 hp.
You feel sick.
The adder hisses angrily. 😱 HP[-1] MP[+1]
You take 1 damage, and now have 8/32 hp.
Unknown command.
Your primal bloodlust has ended.
You feel sick. The gnoll misses you. 😱 HP[-1]
You take 1 damage, and now have 7/32 hp.
Okay, then.
You feel sick.
Really quaff
l - a potion of lignification {!q}?
Really quaff the potion of lignification?
You turn into a tree.
Your +0 robe melds into your body.
Your roots penetrate the ground.
Your blood armour dries and flakes away.
You feel sick. The gnoll hits you with a +0 spear.
* * * LOW HITPOINT WARNING * * *
The gnoll hits you with a +0 flail.
* * * LOW HITPOINT WARNING * * *
The gnoll barely misses you. 😱 HP[-5]
You now have 48 max hp (+16).
Unknown command.
You hit the gnoll but do no damage.
* * * LOW HITPOINT WARNING * * *
You feel sick.
You are no longer poisoned.
The adder bites you but does no damage. The gnoll barely misses you.
The adder bites you.
You die...

Skill      XL: |  1  2  3 |
---------------+----------+-----
Transmutations | 2 3 |  3.2
Poison Magic   | 1 |  1.1
Fighting       | |  1.0
Dodging        | |  1.7
Unarmed Combat | |  2.6
Spellcasting   | |  2.6

Action                   |  1- 3 |  4- 6 || total
-------------------------+-------+-------++-------
Melee: Unarmed           |    61 |       ||    61
       Kick              |     6 |       ||     6
       Headbutt          |     1 |       ||     1
       Punch             |     1 |       ||     1
       Quarterstaff      |     1 |     1 ||     2
 Fire: Hunting sling     |     2 |       ||     2
 Cast: Beastly Appendage |     5 |       ||     5
       Spider Form       |     2 |       ||     2
       Wereblood         |     1 |       ||     1
  Use: Scroll            |     3 |       ||     3
       Potion            |     3 |     1 ||     4
 Stab: Sleeping          |     3 |       ||     3
Armor: Robe              |    13 |       ||    13
       Skin              |     1 |     1 ||     2
Dodge: Dodged            |    51 |     4 ||    55

Levels and vault maps discovered:
D:1:      erik_arrival_triangle_medium, layout_basic, serial_shops,
          nicolae_square_shop, shop,
          nicolae_shop_temple_entry_statues_fountains, nicolae_shop_hallway_plus
D:2:      layout_rooms, minmay_misc_feat_doors, minmay_misc_feat_ornament,
          minmay_lizard_king, uniq_robin, uniq_terence, uniq_jessica
D:4:      layout_cave_pools
D:5:      layout_basic, minmay_strange_pillars, minmay_misc_feat_tower,
          kennysheep_flooded_box

Notes
Turn   | Place    | Note
-------+----------+-------------------------------------------
     0 | D:1      | spaghetti the Demonspawn Transmuter began the quest for the
                  | Orb.
     0 | D:1      | Reached XP level 1. HP: 15/15 MP: 3/3
     0 | D:1      | magus.rc [v1.9.6]
    25 | D:1      | Found Icyda's Antique Armour Shoppe.
   168 | D:1      | Found Tihurhos's Magic Scroll Shoppe.
   173 | D:1      | HP: 5/22 [quokka (1)]
   177 | D:1      | Reached skill level 2 in Transmutations
   460 | D:1      | Bought a scroll of identify for 28 gold pieces
   579 | D:1      | Found Goock's Armour Boutique.
   827 | D:1      | Found Cuizen's Armour Emporium.
   851 | D:1      | Gained mutation: When seriously injured, your blood forms
                  | armour. (AC +0) [demonic ancestry]
   851 | D:1      | Reached XP level 2. HP: 17/21 MP: 5/5
   997 | D:1      | You pick up a book of the Hunter and begin reading...
   997 | D:1      | You add the spells Call Canine Familiar, Portal Projectile
                  | and Leda's Liquefaction to your library.
  1824 | D:2      | Reached skill level 3 in Transmutations
  1824 | D:2      | Gained mutation: When seriously injured, your blood forms
                  | thick armour. (AC +0) [demonic ancestry]
  1824 | D:2      | Reached XP level 3. HP: 26/26 MP: 6/6
  1824 | D:2      | You fall into a shaft and drop 2 floors!
  1824 | D:4      | Noticed a scorpion
  1837 | D:5      | Entered Level 5 of the Dungeon
  1839 | D:5      | Noticed a black bear
  1842 | D:5      | You pick up a book of Displacement and begin reading...
  1842 | D:5      | You add the spells Lesser Beckoning, Gell's Gravitas and
                  | Teleport Other to your library.
  1843 | D:5      | Gained mutation: Your spells are a little easier to cast,
                  | but a little less powerful. [potion of mutation]
  1843 | D:5      | Gained mutation: You have sharp toenails. [potion of
                  | mutation]
  1849 | D:5      | Learned a level 2 spell: Wereblood
  1860 | D:5      | Learned a level 3 spell: Spider Form
  2060 | D:5      | Noticed a kobold brigand
  2086 | D:5      | Reached skill level 1 in Poison Magic
  2086 | D:5      | Reached XP level 4. HP: 18/32 MP: 2/7
  2089 | D:5      | HP: 8/32 [poisoned by a kobold]
  2092 | D:5      | HP: 2/48 [gnoll/+0 flail (6)]
  2093 | D:5      | Slain by an adder

Vanquished Creatures
  A gnoll shaman (D:5)
  2 adders
  2 orcs (D:5)
  4 endoplasms
  3 goblins
  A hobgoblin (D:1)
  4 kobolds
  2 quokkas (D:1)
  A ball python (D:1)
  A rat (D:2)
21 creatures vanquished.

Table legend:
 A = Non-vault XP
 B = Vault XP
 C = Vault XP percentage of total XP
 D = Non-vault monster count
 E = Vault monster count
 F = Vault count percentage of total count
                 A         B        C        D         E       F
            +---------+---------+-------+---------+---------+-------
      Total |      98 |       2 |   2.0 |      20 |       1 |   4.8
            +---------+---------+-------+---------+---------+-------
        D:1 |      19 |       0 |   0.0 |      10 |       0 |   0.0
        D:2 |      20 |       2 |   9.1 |       5 |       1 |  16.7
        D:5 |      59 |       0 |   0.0 |       5 |       0 |   0.0
            +---------+---------+-------+---------+---------+-------

Illustrated notes

Table legend:
 A = Kills in this place as a percentage of kills in entire the game.
 B = Kills by you in this place as a percentage of kills by you in the entire game.
 C = Kills by friends in this place as a percentage of kills by friends in the entire game.
 D = Other kills in this place as a percentage of other kills in the entire game.
 E = Experience gained in this place as a percentage of experience gained in the entire game.
 F = Experience gained in this place divided by the number of levels of this place that you have seen.
                   A       B       C       D       E      F
               +-------+-------+-------+-------+-------+----------------------
         Total | 100.0 | 100.0 |   N/A |   N/A | 100.0 |  25.0
       Dungeon | 100.0 | 100.0 |   N/A |   N/A | 100.0 |  25.0
               +-------+-------+-------+-------+-------+----------------------

Table legend: (Time is in decaauts)
 A = Elapsed time spent in this place.
 B = Non-inter-level travel time spent in this place.
 C = Inter-level travel time spent in this place.
 D = Time resting spent in this place.
 E = Time spent auto-exploring this place.
 F = Levels seen in this place.
 G = Mean time per level.
                   A        B        C        D        E       F      G
               +--------+--------+--------+--------+--------+-----+--------+
         Total |   2095 |   2024 |     71 |    441 |   1326 |   4 |  523.8 |
       Dungeon |   2095 |   2024 |     71 |    441 |   1326 |   4 |  523.8 |
               +--------+--------+--------+--------+--------+-----+--------+

Top non-repeatable levels by time:
     D:1: 1579 daAuts
     D:5: 254 daAuts
     D:2: 248 daAuts
     D:4: 13 daAuts
